 Dungeon Crawl Stone Soup version 0.25-a0-663-gace7076f2c (webtiles) character file.

Game seed: 7064793562148956445, levelgen mode: deterministic

419 nono the Skirmisher (level 6, -3/33 HPs)
             Began as a Vine Stalker Hunter on Mar 24, 2020.
             Killed by divine providence
             ... invoked by an orc priest
              (11 damage)
             ... on level 4 of the Dungeon.
             The game lasted 00:09:06 (3307 turns).

nono the Skirmisher (Vine Stalker Hunter)           Turns: 3307, Time: 00:09:06

Health: -3/33      AC: 11    Str: 17    XL:     6   Next: 93%
Magic:  0/7        EV:  5    Int: 11    God:
Gold:   193        SH: 13    Dex: 14    Spells: 5/5 levels left

rFire    . . .     SeeInvis .   x - +3 mace (vorpal)
rCold    . . .     Gourm    .   p - +0 tower shield
rNeg     . . .     Faith    .   u - +0 scale mail
rPois    .         Spirit   +   l - +2 hat
rElec    .         Reflect  .   d - +2 cloak
rCorr    .         Harm     .   (no gloves)
MR       .....                  (no boots)
Stlth    ..........             (no amulet)
HPRegen  0.51/turn              (no ring)
MPRegen  0.10/turn              (no ring)

@: no status effects
A: fangs 2, regeneration 1, magic shield, antimagic bite, no potion heal 3, rot
immunity
a: no special abilities


You were on level 4 of the Dungeon.
You were hungry.

You visited 1 branch of the dungeon, and saw 4 of its levels.

You collected 193 gold pieces.

Inventory:

Hand Weapons
 a - a +0 short sword
 o - a +0 mace
 s - a +0 whip
 v - a +1 vorpal mace
 w - a +1 mace of protection
 x - a +3 vorpal mace (weapon)
 A - a +0 dagger of electrocution
 B - a +2 falchion of electrocution
Missiles
 c - 6 javelins (quivered)
 y - 2 throwing nets
Armour
 b - a +0 leather armour
 d - a +2 cloak (worn)
 l - a +2 hat (worn)
 p - a +0 tower shield (worn)
 u - a +0 scale mail (worn)
Jewellery
 m - a cursed amulet of the acrobat
Scrolls
 e - a scroll of blinking {unknown}
 g - 4 scrolls of identify
 h - 3 scrolls of noise {unknown}
 j - 4 scrolls of remove curse {unknown}
 q - a scroll of magic mapping {unknown}
Potions
 i - 2 potions of flight {unknown}
 k - 2 potions of curing
 n - a potion of stabbing {unknown}
 r - a potion of brilliance {unknown}
 z - a potion of might {unknown}
Comestibles
 f - 10 rations
 t - 2 chunks of flesh


   Skills:
 + Level 4.1 Fighting
 - Level 1.2 Short Blades
 + Level 3.1 Maces & Flails
 - Level 3.6 Throwing
 - Level 1.5 Dodging
 - Level 1.2 Stealth
 + Level 3.0 Shields


You had 5 spell levels left.
You didn't know any spells.
Your spell library contained the following spells:

 Spells                   Type           Power        Failure   Level  Hunger
 Summon Small Mammal      Summ           #...         100%        1    ##.....
 Call Imp                 Summ           #.......     100%        2    ###....
 Call Canine Familiar     Summ           #.......     100%        3    ####...
 Summon Guardian Golem    Hex/Summ       #.......     100%        3    ####...
 Summon Ice Beast         Ice/Summ       #.......     100%        4    #####..
 Summon Lightning Spire   Summ/Air       #.......     100%        4    #####..


Dungeon Overview and Level Annotations

Branches:
Dungeon (4/15)
 Temple: D:4-7

Altars:
Gozag
Qazlal
Ru


Innate Abilities, Weirdness & Mutations

You have extremely sharp teeth.
Your natural rate of healing is unusually fast.
When hurt, damage is shared between your health and your magic reserves.
Your bite disrupts and absorbs the magic of your enemies.
Potions cannot restore your health.
You are immune to rotting.


Message History

The orc priest mumbles some strange prayers to Beogh against you.
Beogh smites you! The orc wizard casts a spell at you.
You are confused.
The orc wizard gestures wildly while chanting.
The orc wizard flickers and vanishes!
Deactivating autopickup; reactivate with Ctrl-A.
You bump into the rock wall.
The ogre hits you with a +0 giant club.
An orc comes into view. It is wielding a +0 flail.
The orc shouts!
The orc priest looks encouraged for a moment.
It was a potion of curing.
Your system rejects the healing.
You feel better. The ogre hits you with a +0 giant club!
* * * LOW HITPOINT WARNING * * *
You are feeling hungry.
The ogre hits you with a +0 giant club.
* * * LOW HITPOINT WARNING * * *
The orc priest calls down the wrath of Beogh upon you.
Beogh smites you!
You die...

..##.###.#.# ..##.##.#..# .
#.#.###.# . #.##.#..# .#
#.......# .######.#### ..# #.#
#.# #.# ##############
#.#####.# #....@O......#
........####.#####.####.#
#.####.......##.....o##.######
#.# #.####..##.##.#).o....o.#
..# #.##..<....##.####.####o#
### #.##.#........####.# #†# #
#.##...######......#..o{o..# #
#......#############o##.##.# #
#######........#### # #o# #


You could see an ogre, an orc priest and an orc.

Vanquished Creatures
  A crimson imp (D:3)
  An orc priest (D:4)
  5 orc wizards
  Crazy Yiuf (D:3)
  6 adders
  4 oozes
  An adder skeleton (D:4)
  3 worms (D:2)
  A dart slug (D:3)
  2 leopard geckos (D:2)
  20 orcs
  6 bats
  4 giant cockroaches
  7 goblins
  11 hobgoblins
  9 jackals
  5 kobolds
  3 quokkas
  A ball python (D:4)
  6 frilled lizards
  12 rats
109 creatures vanquished.

Notes
Turn   | Place    | Note
-------+----------+-------------------------------------------
     0 | D:1      | nono the Vine Stalker Hunter began the quest for the Orb.
     0 | D:1      | Reached XP level 1. HP: 11/11 MP: 2/2
    73 | D:1      | Reached skill level 2 in Fighting
    78 | D:1      | Reached XP level 2. HP: 3/15 MP: 3/3
   427 | D:1      | Reached skill level 1 in Short Blades
   969 | D:2      | Reached XP level 3. HP: 19/19 MP: 4/4
  1281 | D:2      | Reached skill level 1 in Maces & Flails
  1640 | D:2      | Reached skill level 1 in Shields
  1640 | D:2      | Gained mutation: Your natural rate of healing is unusually
                  | fast. [Vine Stalker growth]
  1640 | D:2      | Reached XP level 4. HP: 13/23 MP: 2/5
  1910 | D:2      | Reached skill level 3 in Fighting
  1976 | D:3      | Found a faded altar of an unknown god.
  2050 | D:3      | Reached XP level 5. HP: 26/28 MP: 4/6
  2180 | D:3      | Found an opulent altar of Gozag.
  2251 | D:3      | Found a runed translucent door.
  2252 | D:3      | Noticed Crazy Yiuf
  2263 | D:3      | Killed Crazy Yiuf
  2422 | D:3      | Found a stormy altar of Qazlal.
  2704 | D:3      | Found a sacrificial altar of Ru.
  2710 | D:3      | Reached XP level 6. HP: 31/33 MP: 7/7
  3153 | D:4      | Reached skill level 4 in Fighting
  3307 | D:4      | Killed from afar by an orc priest

Levels and vault maps discovered:
D:1:      minmay_arrival_three_doors, layout_basic, minmay_tiny_reverse_x
D:2:      layout_loops_cross, first_ration, minivault_11, minmay_heptomino_w4
D:3:      layout_loops_cross, marbit_many_paths, lemuel_doored_altar,
          chequers_ecumenical_altar_simple,
          nicolae_gozag_cash_rules_everything_around_me, uniq_crazy_yiuf_cottage
D:4:      layout_loops_cross, serial_shops, kennysheep_little_box

Skill      XL: |  1  2  3  4  5  6 |
---------------+-------------------+-----
Fighting       | 2 3 4 |  4.1
Short Blades   | 1 |  1.2
Maces & Flails | 1 2 3 |  3.1
Shields        | 1 2 3 |  3.0
Throwing       | |  3.6
Dodging        | |  1.5
Stealth        | |  1.2

Action                   |  1- 3 |  4- 6 || total
-------------------------+-------+-------++-------
Melee: Short sword       |   129 |    14 ||   143
       Bite              |    26 |    76 ||   102
       Whip              |       |   153 ||   153
       Mace              |       |   111 ||   111
Throw: Javelin           |     3 |     5 ||     8
       Throwing net      |       |     3 ||     3
  Use: Scroll            |       |     3 ||     3
       Potion            |       |     1 ||     1
 Stab: Sleeping          |     1 |       ||     1
  Eat: Chunk             |     2 |     6 ||     8
Armor: Leather armour    |    58 |     6 ||    64
       Scale mail        |       |    90 ||    90
Dodge: Dodged            |    66 |    41 ||   107
Block: Tower shield      |    30 |   212 ||   242

Table legend:
 A = Non-vault XP
 B = Vault XP
 C = Vault XP percentage of total XP
 D = Non-vault monster count
 E = Vault monster count
 F = Vault count percentage of total count
                 A         B        C        D         E       F
            +---------+---------+-------+---------+---------+-------
      Total |     530 |      69 |  11.5 |      95 |      14 |  12.8
            +---------+---------+-------+---------+---------+-------
        D:1 |      23 |       4 |  14.8 |      13 |       2 |  13.3
        D:2 |      82 |      24 |  22.6 |      25 |      10 |  28.6
        D:3 |     177 |      41 |  18.8 |      29 |       2 |   6.5
        D:4 |     248 |       0 |   0.0 |      28 |       0 |   0.0
            +---------+---------+-------+---------+---------+-------
